 Dungeon Crawl Stone Soup version 0.23.0-2-g0fe3ce5905 (webtiles) character file.

Game seed: 6242147187169172110

1033 Laan the Skirmisher (level 8, 0/87 HPs)
             Began as an Ogre Berserker on Feb 20, 2019.
             Was an Elder of Trog.
             Slain by a worker ant zombie (3 damage)
             ... on level 6 of the Dungeon.
             The game lasted 00:09:50 (6071 turns).

Laan the Skirmisher (Ogre Berserker)                Turns: 6071, Time: 00:09:50

Health: 0/87       AC:  6    Str: 23 (24) XL:     8   Next: 24%
Magic:  0/8        EV: 10    Int:  9 (11) God:    Trog [****..]
Gold:   146        SH:  0    Dex:  6 (8)  Spells: 7/7 levels left

rFire    . . .     SeeInvis .   z - +0 giant club
rCold    . . .     Gourm    .   (shield currently unavailable)
rNeg     . . .     Faith    .   C - +0 steam dragon scales
rPois    .         Spirit   +   (helmet restricted)
rElec    .         Reflect  .   (no cloak)
rCorr    .         Harm     .   (gloves unavailable)
MR       ++...                  (boots unavailable)
Stlth    +.........             v - amulet of guardian spirit
HPRegen  1.24/turn              g - +3 ring of intelligence
MPRegen  0.11/turn              y - ring of flight

@: berserk cooldown, regenerating, slowed, heavily drained, very slow
A: large, unfitting armour, tough skin 1
a: Berserk, Trog's Hand, Brothers in Arms, Renounce Religion, Evoke Flight


You were on level 6 of the Dungeon.
You worshipped Trog.
Trog was greatly pleased with you.
You were not hungry.

You visited 1 branch of the dungeon, and saw 6 of its levels.

You collected 146 gold pieces.

Inventory:

Hand Weapons
 a - a +0 mace
 p - a +2 flail of holy wrath
 z - a +0 giant club (weapon)
Armour
 b - a +0 animal skin
 C - +0 steam dragon scales (worn)
Jewellery
 g - a +3 ring of intelligence (left hand)
 v - an amulet of guardian spirit (around neck)
 y - a ring of flight (right hand)
Wands
 f - a wand of disintegration (9)
Scrolls
 e - 2 scrolls of immolation {unknown}
 h - 2 scrolls of teleportation {unknown}
 i - 5 scrolls of identify
 j - 5 scrolls of remove curse
 k - a scroll of random uselessness {unknown}
 l - 2 scrolls of blinking {unknown}
 m - 2 scrolls of amnesia {unknown}
 n - 2 scrolls of enchant armour {unknown}
 q - a scroll of fog {unknown}
 r - a scroll of fear {unknown}
 w - a scroll of enchant weapon {unknown}
Potions
 d - a potion of flight {unknown}
 o - a potion of haste
 s - a potion of agility
 t - a potion of magic
 u - a potion of brilliance
 D - a potion of mutation {unknown}
Comestibles
 c - 7 rations


   Skills:
 + Level 7.2(5.8) Fighting
 * Level 6.6(5.2) Maces & Flails
 + Level 5.0(3.7) Dodging


You had 7 spell levels left.
You didn't know any spells.
Your spell library was empty.

Dungeon Overview and Level Annotations

Branches:
Dungeon (6/15)             Temple (0/1) D:4

Altars:
Ashenzari
Dithmenos
Fedhas
Gozag
Hepliaklqana
Nemelex Xobeh
Ru
Uskayaw
The Shining One

Annotations:
D:6 Grinder, Sigmund


Innate Abilities, Weirdness & Mutations

You are too large for most types of armour.
You have tough skin. (AC +1)


Message History

Something hits you!
* * * LOW HITPOINT WARNING * * *
The jackal zombie bites you but does no damage.
The worker ant zombie closely misses you.
The worker ant zombie bites you but does no damage.
The jackal zombie bites you.
You closely miss something. Something hits you but does no damage.
The jackal zombie barely misses you. The worker ant zombie bites you.
* * * LOW HITPOINT WARNING * * *
The jackal zombie bites you but does no damage.
Something hits you!
* * * LOW HITPOINT WARNING * * *
The worker ant zombie bites you.
* * * LOW HITPOINT WARNING * * *
You miss something. The jackal zombie barely misses you.
The worker ant zombie bites you but does no damage.
The jackal zombie barely misses you. Something hits you!
* * * LOW HITPOINT WARNING * * *
The worker ant zombie bites you.
You die...

#..................#
#............#.#....
##...........##.#...#
#.............#.#...#
##...................
###............##...
###.......>...###..
#........###.....(.
##@.......# .##.
#Z{Z#.....# #.
##..#.....# #..
..###..... ...# .##.
..... ..## . . .##..
.. # . .# .. .? .


You could see a jackal zombie and a worker ant zombie.

Vanquished Creatures
  An ice beast (D:5)
  An ogre (D:4)
  Blork the orc (D:4)
  A bullfrog (D:5)
  2 wights (D:5)
  A howler monkey (D:5)
  2 bullfrog zombies (D:5)
  A jelly (D:6)
  3 orc priests
  4 orc wizards
  Natasha (thrice) (D:2)
  Terence (D:3)
  An iguana (D:4)
  A worker ant (D:5)
  3 adders
  An ooze (D:4)
  An adder zombie (D:5)
  5 worms
  A dart slug (D:2)
  4 leopard geckos
  20 orcs
  9 bats
  8 giant cockroaches
  11 goblins
  6 hobgoblins
  3 jackals (D:4)
  7 kobolds
  A quokka (D:2)
  5 frilled lizards
  8 rats
116 creatures vanquished.

Notes
Turn   | Place    | Note
-------+----------+-------------------------------------------
     0 | D:1      | Laan the Ogre Berserker began the quest for the Orb.
     0 | D:1      | Reached XP level 1. HP: 24/24 MP: 1/1
    63 | D:1      | Reached XP level 2. HP: 32/32 MP: 2/2
   997 | D:2      | Noticed Natasha
  1004 | D:2      | Noticed a crimson imp
  1011 | D:2      | Killed Natasha
  1011 | D:2      | Reached XP level 3. HP: 15/40 MP: 3/3
  1254 | D:2      | Reached ** piety under Trog
  1418 | D:2      | Noticed Natasha
  1467 | D:2      | Killed Natasha
  1467 | D:2      | Reached XP level 4. HP: 39/49 MP: 4/4
  1761 | D:2      | Found an opulent altar of Gozag.
  2012 | D:2      | Reached skill level 5 in Fighting
  2068 | D:2      | Noticed Natasha
  2077 | D:2      | Killed Natasha
  2077 | D:2      | Reached XP level 5. HP: 57/57 MP: 5/5
  2563 | D:3      | Found a sparkling altar of Nemelex Xobeh.
  2631 | D:3      | Noticed Terence
  2637 | D:3      | Killed Terence
  2637 | D:3      | Reached XP level 6. HP: 66/66 MP: 6/6
  2639 | D:3      | Reached *** piety under Trog
  2799 | D:3      | Found a hide-covered altar of Uskayaw.
  3330 | D:3      | Found a shattered altar of Ashenzari.
  3330 | D:3      | Found a shadowy altar of Dithmenos.
  3698 | D:4      | Found a staircase to the Ecumenical Temple.
  3713 | D:4      | Noticed Blork the orc
  3718 | D:4      | Killed Blork the orc
  3718 | D:4      | Reached skill level 5 in Maces & Flails
  3788 | D:4      | Reached skill level 6 in Fighting
  3788 | D:4      | Reached XP level 7. HP: 61/75 MP: 3/7
  4745 | D:4      | Reached **** piety under Trog
  4910 | D:5      | Entered Level 5 of the Dungeon
  5160 | D:5      | Found a glowing golden altar of the Shining One.
  5194 | D:5      | Found a hazy altar of Hepliaklqana.
  5290 | D:5      | Found a sacrificial altar of Ru.
  5509 | D:6      | Reached XP level 8. HP: 59/84 MP: 5/8
  5570 | D:3      | Found a blossoming altar of Fedhas.
  5640 | D:6      | Noticed Grinder
  5660 | D:5      | Reached skill level 7 in Fighting
  5666 | D:5      | Reached skill level 5 in Dodging
  5966 | D:6      | Paralysed by Grinder for 4 turns
  6045 | D:6      | Noticed Sigmund
  6071 | D:6      | HP: 3/87 [something (9)]
  6071 | D:6      | Slain by a worker ant zombie

Skill      XL: |  1  2  3  4  5  6  7  8 |
---------------+-------------------------+-----
Maces & Flails | 3 4 5 6 |  6.6
Dodging        | 3 4 5 |  5.0
Fighting       | 5 6 7 |  7.2

Action                   |  1- 3 |  4- 6 |  7- 9 || total
-------------------------+-------+-------+-------++-------
Melee: Mace              |   109 |   143 |       ||   252
       Flail             |       |    51 |    42 ||    93
       Giant club        |       |       |    69 ||    69
Invok: Berserk           |     2 |     7 |     1 ||    10
       Trog's Hand       |       |       |     1 ||     1
  Use: Scroll            |       |     2 |       ||     2
       Potion            |       |       |     7 ||     7
 Stab: Sleeping          |     1 |       |       ||     1
  Eat: Chunk             |     3 |    14 |     4 ||    21
       Ration            |       |       |     2 ||     2
Armor: Animal skin       |    40 |    44 |    12 ||    96
       Steam dragon scal |       |       |    26 ||    26
       Skin              |       |       |     1 ||     1
Dodge: Dodged            |    68 |   145 |    81 ||   294
